 Dungeon Crawl Stone Soup version 0.25.0-11-g1f837a76a1 (webtiles) character file.

Game seed: 8291621798517832386

10 Esekla the Conjurer (level 2, -2/13 HPs)
             Began as a Vine Stalker Conjurer on June 26, 2020.
             Slain by an orc priest
             ... wielding a +1 hand axe of electrocution
              (10 damage)
             ... on level 3 of the Dungeon.
             The game lasted 00:03:41 (438 turns).

Esekla the Conjurer (Vine Stalker Conjurer)          Turns: 438, Time: 00:03:41

Health: -2/13      AC:  2    Str: 10    XL:     2   Next: 20%
Magic:  0/6        EV: 12    Int: 15    God:
Gold:   32         SH:  0    Dex: 14    Spells: 2/5 levels left

rFire    . . .     SeeInvis .   l - +4 dagger
rCold    . . .     Gourm    .   (no shield)
rNeg     . . .     Faith    .   a - +0 robe
rPois    .         Spirit   +   (no helmet)
rElec    .         Reflect  .   (no cloak)
rCorr    .         Harm     .   (no gloves)
MR       .....                  (no boots)
Stlth    ++........             (no amulet)
HPRegen  0.04/turn              (no ring)
MPRegen  0.10/turn              (no ring)

@: no status effects
A: fangs 2, magic shield, antimagic bite, no potion heal 3, rot immunity
a: no special abilities


You were on level 3 of the Dungeon.
You were not hungry.

You visited 1 branch of the dungeon, and saw 3 of its levels.

You collected 32 gold pieces.

Inventory:

Hand Weapons
 l - a +4 dagger (weapon)
Armour
 a - a +0 robe (worn)
Wands
 j - a wand of digging (5)
Scrolls
 b - a scroll of fear {unknown}
 e - a scroll of immolation {unknown}
 f - 2 scrolls of identify {unknown}
 i - 2 scrolls of teleportation {unknown}
 k - 4 scrolls of remove curse {unknown}
Potions
 g - a potion of heal wounds {unknown}
 h - 2 potions of curing {unknown}
Comestibles
 c - 2 rations


   Skills:
 + Level 1.5 Dodging
 - Level 2.4 Stealth
 * Level 2.3 Spellcasting
 * Level 4.4 Conjurations


You had 2 spell levels left.
You knew the following spells:

 Your Spells              Type           Power        Failure   Level  Hunger
a - Magic Dart            Conj           ###.         3%          1    #......
e - Searing Ray           Conj           ###...       5%          2    ###....

Your spell library contained the following spells:

 Spells                   Type           Power        Failure   Level  Hunger
 Dazzling Flash           Conj/Hex       #.....       26%         3    ###....
 Fulminant Prism          Conj/Hex       #.........   65%         4    #####..
 Iskenderun's Mystic Bla  Conj/Tloc      #.......     65%         4    #####..


Dungeon Overview and Level Annotations

Branches:
Dungeon (3/15)

Altars:


Innate Abilities, Weirdness & Mutations

You have extremely sharp teeth.
When hurt, damage is shared between your health and your magic reserves.
Your bite disrupts and absorbs the magic of your enemies.
Potions cannot restore your health.
You are immune to rotting.


Message History

Confirm with . or Enter, or press ? or * to list all spells.
Aiming: Searing Ray (safe; 5% risk of failure)
Press: ? - help, Shift-Dir - straight line, f - orc priest
Aim: an orc priest, wielding a +1 hand axe of electrocution The searing ray hits the orc priest!
The orc priest is heavily wounded. (Press . to maintain the ray.)
A quokka comes into view.
The searing ray hits the orc priest.
The orc priest is almost dead.
The orc priest hits you with a +1 hand axe of electrocution.
Without enough magic to sustain it, your searing ray dissipates.
The orc priest looks braver for a moment.
You hit the orc priest but do no damage.
Your bite misses the orc priest.
The orc priest is almost dead.
The orc priest hits you with a +1 hand axe of electrocution.
You are electrocuted!
Ouch! That really hurt!
You die...

..... #.... . +...>
..#.... .......
.......
.......########
...r..o@......#
......).......# #
...#..........##.##
. #...............
#..........##.#
#..........#
#..........#
#######.#### #.#


You could see an orc priest and a quokka.

Vanquished Creatures
  An orc (D:3)
  A giant cockroach (D:2)
  2 hobgoblins
  A kobold (D:2)
  A ball python (D:2)
  A bat (D:1)
  A goblin (D:1)
  A rat (D:1)
9 creatures vanquished.

Notes
Turn   | Place    | Note
-------+----------+-------------------------------------------
     0 | D:1      | Esekla the Vine Stalker Conjurer began the quest for the
                  | Orb.
     0 | D:1      | Reached XP level 1. HP: 9/9 MP: 4/4
   304 | D:2      | Reached XP level 2. HP: 13/13 MP: 4/6
   308 | D:2      | Learned a level 2 spell: Searing Ray
   438 | D:3      | Slain by an orc priest

Illustrated notes

Levels and vault maps discovered:
D:1:      doesnt_arrival_eight_statues, layout_loops_ring, minmay_pentomino_p4
D:2:      layout_rooms, gammafunk_temple_overflow_elements, first_ration,
          chequers_ecumenical_altar_grove
D:3:      layout_basic, uniq_natasha

Action                   || total
-------------------------++-------
Melee: Dagger            ||     8
       Bite              ||     2
 Cast: Magic Dart        ||     9
       Searing Ray       ||     2
Armor: Robe              ||     1
Dodge: Dodged            ||     6
